 Dungeon Crawl Stone Soup version 0.31-a0-1206-g41278d8d1d (webtiles) character file.

Game seed: 10812914269536586704

227 ytrimaz the Shield-Bearer (level 6, -11/47 HPs)
             Began as a Formicid Fighter on Dec 13, 2023.
             Mangled by Edmund
             ... wielding a +1 heavy dire flail
              (17 damage)
             ... on level 4 of the Dungeon.
             The game lasted 00:03:01 (2826 turns).

ytrimaz the Shield-Bearer (Formicid Fighter)        Turns: 2826, Time: 00:03:01

Health: -11/47     AC:  7    Str: 20    XL:     6   Next: 22%
Magic:  6/6        EV:  8    Int:  8    God:
Gold:   236        SH: 10    Dex: 15    Spells: 5/5 levels left

rFire   . . .        a - +0 war axe
rCold   . . .        m - +0 kite shield
rNeg    . . .        b - +0 scale mail
rPois   .            (helmet unavailable)
rElec   .            (no cloak)
rCorr   .            (no gloves)
SInv    +            (no boots)
Will    .....        (no amulet) Stlth
                     (no ring)
HPRegen 0.27/turn    (no ring)
MPRegen 0.10/turn

%: no passive effects
@: mighty
A: permanent stasis, dig shafts and tunnels, antennae 3, four strong arms
a: Dig, Shaft Self


You were on level 4 of the Dungeon.
You visited 1 branch of the dungeon, and saw 4 of its levels.

You collected 236 gold pieces.


Innate Abilities, Weirdness & Mutations

You cannot be hasted, slowed, berserked, paralysed or teleported.
You can dig through walls and to a lower floor.
You have a pair of large antennae on your head. (SInv)
Your four strong arms can wield two-handed weapons with a shield.


   Skills:
 - Level 3.2 Fighting
 + Level 4.2 Axes
 - Level 4.3 Armour
 + Level 6.1 Shields


You had 5 spell levels left.
You didn't know any spells.
Your spell library contained the following spells:

 Spells                   Type           Power      Damage    Failure   Level
 Freeze                   Ice            0%         1d3       95%         1
 Frozen Ramparts          Ice            0%         1d1       100%        3
 Hailstorm                Conj/Ice       0%         3d5       100%        3
 Animate Dead             Necr           0%         N/A       100%        4
 Haunt                    Necr/Summ      0%         N/A       100%        7
 Infestation              Necr           0%         N/A       100%        8

Inventory:

Hand Weapons
 a - a +0 war axe (weapon)
Armour
 b - a +0 scale mail (worn)
 c - a +0 buckler
 m - a +0 kite shield (worn)
   (You found it on level 3 of the Dungeon)
Scrolls
 e - a scroll of vulnerability {unknown}
 f - a scroll of silence {unknown}
 j - a scroll of noise {unknown}
 k - 4 scrolls of identify
 n - a scroll of enchant armour {unknown}
Potions
 d - a potion of might
 g - a potion of resistance
 h - a potion of heal wounds {unknown}
 i - 2 potions of haste {unknown}
 l - a potion of curing {unknown}

Dungeon Overview and Level Annotations

Branches:
Dungeon (4/15) Zot: 21092
 Temple: D:4-7

Altars:
The Shining One

Portals:
Abyss: D:3

Annotations:
D:3 2 transporters, subawu's ghost, amateur HuNe
D:4 Edmund

#########
#.@....#
#.......#
#.####.#
........###.#
#.#
#.........@.#
#.#
#........####
#.#
#........#
#.#
#...$....#
#.#
#........#
#@#
#........#
#@#
###.####..
#.# #
#.####### #.#
# #....# #.#
###.#.##.#
#.#
....#.##.#
#.#
#####.##.#
#.# ## #.##.#
#.#
.####.##^#
#.#


You could see Edmund.


Message History

You take 8 damage, and now have 32/47 hp.
You barely miss the orc priest.
The orc priest calls down the wrath of Beogh upon you.
Beogh smites you!
* * * LOW HITPOINT WARNING * * *
😨 HP[-10]
You take 10 damage, and now have 22/47 hp.
MASSIVE DAMAGE!! (PAUSE)
You hit the orc priest but do no damage.
The orc priest hits you with a +0 dagger.
* * * LOW HITPOINT WARNING * * *
You block the orc priest's attack. 😨 HP[-4]
You take 4 damage, and now have 18/47 hp.
You are too injured to fight recklessly!
You hit the orc priest but do no damage.
The orc priest barely misses you. 😨 HP[+1]
You are too injured to fight recklessly!
Unknown command.
You hit the orc priest but do no damage.
You block the orc priest's attack. The orc priest closely misses you.
You closely miss the orc priest. The orc priest misses you.
Unknown command.
You barely miss the orc priest.
The orc priest hits you with a +0 dagger.
* * * LOW HITPOINT WARNING * * *
The orc priest hits you but does no damage. 😨 HP[-1]
You take 1 damage, and now have 18/47 hp.
You barely miss the orc priest.
The orc priest casts a cantrip, but nothing happens.
Unknown command.
You slash the orc priest!
You block the orc priest's attack. 😨 HP[+1] Unknown command.
You hit the orc priest. You block the orc priest's attack.
The orc priest hits you but does no damage.
You hit the orc priest. You block the orc priest's attack.
You hit the orc priest.
You kill the orc priest!
Your Shields skill increases to level 6! 😨 HP[+1] Unknown command.
Items here: )))) [[ †.
Key pressed, stopping explore.
Found an escape hatch in the floor. 😎 HP[+27]
Your hp is fully restored (47).
Unknown command.
There is an escape hatch in the floor here.
Items here: )))) [[ †.
Key pressed, stopping explore.
Edmund the Younger comes into view.
He is wielding a +1 heavy dire flail and carrying a wand of polymorph.
Your movement speed is average.
Your attack delay is about 1.4 (and is slowed by your shield).
Your damage rating with your +0 war axe is about 15 (Base 11 x 125% (Str) x 113% (Skill)).
You feel very mighty all of a sudden.
Edmund zaps a wand.
You resist with some effort.
Edmund zaps a wand.
You turn into a filthy swine.
Your +0 war axe melds into your body.
Your +0 kite shield melds into your body.
Your +0 scale mail melds into your body.
Unknown command.
You closely miss Edmund. Edmund barely misses you.
You hit Edmund but do no damage.
Unknown command.
You bite Edmund!
Edmund hits you with a +1 heavy dire flail!!
Ouch! That really hurt!
* * * LOW HITPOINT WARNING * * *
😨 HP[-24]
You take 24 damage, and now have 23/47 hp.
MASSIVE DAMAGE!! (PAUSE) 😮 HP[+1] 😮 HP[+1]
Your transformation is almost over. 😮 HP[+1] Unknown command.
Unknown command. 😮 HP[+1]
You feel less porcine.
Your +0 war axe unmelds from your body.
Your +0 kite shield unmelds from your body.
Your +0 scale mail unmelds from your body.
Edmund zaps a wand.
You resist with some effort. 😮 HP[+1] Unknown command.
You closely miss Edmund.
Edmund hits you with a +1 heavy dire flail!!
* * * LOW HITPOINT WARNING * * *
😱 HP[-23]
You take 23 damage, and now have 5/47 hp.
MASSIVE DAMAGE!! (PAUSE)
You slash Edmund!
Edmund hits you with a +1 heavy dire flail!
You die...
Edmund says, "I'd like to see a scythe do that!"

Skill      XL: |  1  2  3  4  5  6 |
---------------+-------------------+-----
Armour         | 4 |  4.3
Axes           | 3 4 |  4.2
Shields        | 5 6 |  6.1
Fighting       | |  3.2

Action                     |  1- 3 |  4- 6 || total
---------------------------+-------+-------++-------
  Melee: War axe           |    84 |   129 ||   213
         Unarmed           |       |     3 ||     3
    Use: Potion            |     1 |     2 ||     3
         Scroll            |       |     1 ||     1
 Armour: Scale mail        |    67 |    90 ||   157
         Skin              |       |     1 ||     1
  Dodge: Dodged            |    44 |    42 ||    86
  Block: Buckler           |    30 |    10 ||    40
         Kite shield       |       |    39 ||    39

Levels and vault maps discovered:
D:1:      amcnicky_arrival_abandoned_market, layout_rooms
D:2:      layout_loops_corners, uniq_robin
D:3:      layout_rooms, gammafunk_ghost_abyssal_escape
D:4:      layout_basic, nicolae_tso_besieged_by_evil, uniq_edmund

Notes
Turn   | Place    | Note
-------+----------+-------------------------------------------
     0 | D:1      | ytrimaz the Formicid Fighter began the quest for the Orb.
     0 | D:1      | Reached XP level 1. HP: 18/18 MP: 1/1
     0 | D:1      | magus.rc [v1.9.6]
    98 | D:1      | Reached XP level 2. HP: 18/24 MP: 2/2
   342 | D:1      | Reached XP level 3. HP: 29/29 MP: 3/3
   410 | D:1      | You pick up a book of Frost and begin reading...
   410 | D:1      | You add the spells Freeze, Frozen Ramparts and Hailstorm to
                  | your library.
   938 | D:2      | You pick up a book of Death and begin reading...
   938 | D:2      | You add the spells Animate Dead, Haunt and Infestation to
                  | your library.
  1022 | D:2      | Noticed Robin
  1026 | D:2      | Reached XP level 4. HP: 27/35 MP: 4/4
  1029 | D:2      | Reached skill level 4 in Armour
  1039 | D:2      | Reached skill level 3 in Axes
  1040 | D:2      | Killed Robin
  1460 | D:2      | Reached skill level 5 in Shields
  1613 | D:3      | Found a transporter.
  1621 | D:3      | Found a transporter.
  1637 | D:3      | Identified the +1 ring mail of the Morning {+Blink rPois}
  1683 | D:3      | Found a one-way gate to the infinite horrors of the Abyss.
  1683 | D:3      | Noticed subawu's ghost (amateur HuNe)
  1689 | D:3      | Noticed a small abomination
  1844 | D:3      | Reached XP level 5. HP: 35/41 MP: 5/5
  2043 | D:4      | HP: 10/41 [iguana (11)]
  2044 | D:4      | HP: 2/41 [iguana (8)]
  2450 | D:4      | Found a glowing golden altar of the Shining One.
  2456 | D:4      | Reached XP level 6. HP: 29/47 MP: 6/6
  2571 | D:4      | Reached skill level 4 in Axes
  2619 | D:4      | Reached skill level 6 in Shields
  2788 | D:4      | Noticed Edmund
  2825 | D:4      | HP: 5/47 [Edmund/+1 heavy dire flail (23)]
  2826 | D:4      | Mangled by Edmund

Vanquished Creatures
  An orc priest (D:4)
  An iguana (D:4)
  Robin (D:2)
  3 gnolls (D:4)
  2 adders
  A white imp (D:4)
  3 worms
  3 dart slugs
  4 orcs (D:4)
  4 ball pythons
  7 bats
  6 endoplasms
  2 giant cockroaches
  14 goblins
  10 hobgoblins
  4 kobolds
  5 quokkas
  3 frilled lizards
  A goblin skeleton (D:4)
  A goblin zombie (D:4)
  3 hobgoblin zombies (D:4)
  A kobold skeleton (D:4)
  2 orc skeletons (D:4)
  4 rats
86 creatures vanquished.

Table legend:
 A = Non-vault XP
 B = Vault XP
 C = Vault XP percentage of total XP
 D = Non-vault monster count
 E = Vault monster count
 F = Vault count percentage of total count
                 A         B        C        D         E       F
            +---------+---------+-------+---------+---------+-------
      Total |     272 |      53 |  16.3 |      65 |      21 |  24.4
            +---------+---------+-------+---------+---------+-------
        D:1 |      51 |       0 |   0.0 |      26 |       0 |   0.0
        D:2 |      33 |      35 |  51.5 |      11 |      12 |  52.2
        D:3 |      28 |       0 |   0.0 |      13 |       0 |   0.0
        D:4 |     160 |      18 |  10.1 |      15 |       9 |  37.5
            +---------+---------+-------+---------+---------+-------

Skill      XL: |  1  2  3  4  5  6 |
---------------+-------------------+-----
Armour         | 4 |  4.3
Axes           | 3 4 |  4.2
Shields        | 5 6 |  6.1
Fighting       | |  3.2

Action                     |  1- 3 |  4- 6 || total
---------------------------+-------+-------++-------
  Melee: War axe           |    84 |   129 ||   213
         Unarmed           |       |     3 ||     3
    Use: Potion            |     1 |     2 ||     3
         Scroll            |       |     1 ||     1
 Armour: Scale mail        |    67 |    90 ||   157
         Skin              |       |     1 ||     1
  Dodge: Dodged            |    44 |    42 ||    86
  Block: Buckler           |    30 |    10 ||    40
         Kite shield       |       |    39 ||    39

Illustrated notes

Table legend:
 A = Kills in this place as a percentage of kills in the entire game.
 B = Kills by you in this place as a percentage of kills by you in the entire game.
 C = Kills by friends in this place as a percentage of kills by friends in the entire game.
 D = Other kills in this place as a percentage of other kills in the entire game.
 E = Experience gained in this place as a percentage of experience gained in the entire game.
 F = Experience gained in this place divided by the number of levels of this place that you have seen.
                   A       B       C       D       E      F
               +-------+-------+-------+-------+-------+----------------------
         Total | 100.0 | 100.0 |   N/A |   N/A | 100.0 |  81.2
       Dungeon | 100.0 | 100.0 |   N/A |   N/A | 100.0 |  81.2
               +-------+-------+-------+-------+-------+----------------------

Table legend: (Time is in decaauts)
 A = Elapsed time spent in this place.
 B = Non-inter-level travel time spent in this place.
 C = Inter-level travel time spent in this place.
 D = Time resting spent in this place.
 E = Time spent auto-exploring this place.
 F = Levels seen in this place.
 G = Mean time per level.
                   A        B        C        D        E       F      G
               +--------+--------+--------+--------+--------+-----+--------+
         Total |   2905 |   2843 |     62 |    240 |   1997 |   4 |  726.2 |
       Dungeon |   2905 |   2843 |     62 |    240 |   1997 |   4 |  726.2 |
               +--------+--------+--------+--------+--------+-----+--------+

Top non-repeatable levels by time:
     D:2: 951 daAuts
     D:4: 818 daAuts
     D:1: 677 daAuts
     D:3: 458 daAuts
